 Dungeon Crawl Stone Soup version 0.27-a0-46-g34d46f0a3f (webtiles) character file.

Game seed: 9063029648093402253

1125 pkoi the Grappler (level 8, -2/64 (69) HPs)
             Began as a Pale Draconian Monk on Jan 7, 2021.
             Was a Priest of Ashenzari.
             Slain by a wight
             ... wielding a +4 scimitar of freezing
              (13 damage)
             ... on level 5 of the Dungeon.
             The game lasted 00:04:54 (4619 turns).

pkoi the Grappler (Pale Draconian Monk)             Turns: 4619, Time: 00:04:54

HP:   -2/64 (69)    AC: 15    Str: 15    XL:     8   Next: 13%
MP:   8/8           EV: 14    Int: 12    God:    Ashenzari [***...]
Gold: 317           SH:  0    Dex: 13    Spells: 7/7 levels left

rFire    . . .     SeeInvis +     - Unarmed
rCold    . . .     Faith    .   (no shield)
rNeg     . . .     Spirit   .   (armour unavailable)
rPois    .         Reflect  .   i - +1 hat
rElec    .         Harm     .   j - +2 cloak
rCorr    .         Rampage  .   g - +0 pair of gloves
Will     .....                  (no boots)
Stlth    ++........             (no amulet)
HPRegen  0.20/turn              f - +4 ring of protection
MPRegen  0.11/turn              (no ring)

@: drained, invisible
A: breathe steam, unfitting armour, cold-blooded, AC +6
a: Breathe Steam, Renounce Religion, Curse Item, Scrying


You were on level 5 of the Dungeon.
You worshipped Ashenzari.
Ashenzari was most pleased with you.
You visited 1 branch of the dungeon, and saw 6 of its levels.

You collected 317 gold pieces.

Inventory:

Armour
 g - a +0 pair of gloves (worn)
 i - a +1 hat (worn)
 j - a +2 cloak (worn)
Jewellery
 f - a +4 ring of protection (left hand)
 m - a +4 ring of slaying
Wands
 q - a wand of digging (8)
 s - a wand of paralysis (9)
Scrolls
 d - 7 scrolls of identify
 l - a scroll of magic mapping
 n - a scroll of random uselessness {unknown}
 r - 2 scrolls of remove curse
 t - 2 scrolls of teleportation
Potions
 a - a potion of lignification {unknown}
 b - a potion of invisibility
 c - 7 potions of curing
 e - a potion of mutation
 h - 2 potions of attraction {unknown}
 k - 2 potions of heal wounds {unknown}
 o - a potion of magic {unknown}
 p - 3 potions of might {unknown}
 u - a potion of resistance {unknown}
 v - a potion of degeneration {unknown}


   Skills:
 + Level 5.5 Fighting
 + Level 4.6 Dodging
 - Level 1.7 Stealth
 + Level 8.2 Unarmed Combat


You had 7 spell levels left.
You didn't know any spells.
Your spell library contained the following spells:

 Spells                   Type           Power        Failure   Level
 Animate Skeleton         Necr           0%           32%         1
 Apportation              Tloc           0%           32%         1
 Corona                   Hex            0%           32%         1
 Magic Dart               Conj           0%           32%         1
 Summon Small Mammal      Summ           0%           32%         1
 Blink                    Tloc           N/A          45%         2
 Call Imp                 Summ           0%           45%         2
 Slow                     Hex            0%           45%         2
 Conjure Flame            Conj/Fire      0%           69%         3
 Mephitic Cloud           Conj/Pois/Air  0%           69%         3


Dungeon Overview and Level Annotations

Branches:
Dungeon (6/15)
 Temple: D:4-7

Altars:
Ashenzari
Cheibriados
Makhleb
Qazlal
Ru
Trog
Uskayaw


Innate Abilities, Weirdness & Mutations

You can breathe blasts of scalding, opaque steam.
Your pale cyan-grey scales are hard. (AC +6)
You cannot fit into any form of body armour.
You are cold-blooded and may be slowed by cold attacks.


Message History

* * * LOW HITPOINT WARNING * * *
There is an open door here.
You see here an uncursed leather armour.
There is a stone staircase leading up here.
The wight hits you with a +4 scimitar of freezing!
* * * LOW HITPOINT WARNING * * *
You feel drained.
You feel yourself slow down. The wight freezes you.
* * * LOW HITPOINT WARNING * * *
You climb upwards.
You feel yourself speed up.
There is a stone staircase leading down here.
Okay, then.
Unknown command.
Okay, then.
Unknown command.
It was a potion of curing.
You feel better. The wight completely misses you.
It was a potion of invisibility.
You fade into invisibility!
The wight hits you with a +4 scimitar of freezing!
You die...

#######################
#...†.................#
#.###################.#
#.####....# ####.#
####......##.# #....#
.......#####.#####
#.####
...............z@# #†#
........###.###### #.#
........# #.# #.#
........# #.# #.#
.######## #.# #.######
.# #.# #.##..<# .# #.#
#.##.### .# #.# #.##.#
## #.# #.##.#


You could see a wight.

Vanquished Creatures
  Sigmund (D:4)
  A sky beast (D:5)
  An ogre (D:5)
  3 scorpions
  3 howler monkeys
  A bullfrog skeleton (D:6)
  An orc priest (D:4)
  2 orc wizards (D:4)
  2 centaur skeletons (D:4)
  Jessica (D:2)
  Natasha (thrice) (D:4)
  3 worker ants
  A worker ant zombie (D:6)
  5 adders
  A white imp (D:5)
  An adder skeleton (D:4)
  4 worms
  5 leopard geckos
  11 orcs
  3 giant cockroaches
  4 goblins
  8 hobgoblins
  4 jackals (D:5)
  5 quokkas
  3 ball pythons
  7 bats
  3 frilled lizards
  4 kobolds
  8 rats
99 creatures vanquished.

Notes
Turn   | Place    | Note
-------+----------+-------------------------------------------
     0 | D:1      | pkoi the Draconian Monk began the quest for the Orb.
     0 | D:1      | Reached XP level 1. HP: 19/19 MP: 1/1
   284 | D:1      | Reached XP level 2. HP: 19/26 MP: 2/2
   821 | D:1      | Reached skill level 4 in Unarmed Combat
   890 | D:2      | Reached XP level 3. HP: 31/31 MP: 3/3
  1064 | D:2      | Noticed Jessica
  1076 | D:2      | Killed Jessica
  1276 | D:2      | Reached skill level 5 in Unarmed Combat
  1276 | D:2      | Reached XP level 4. HP: 38/38 MP: 4/4
  1485 | D:2      | Found a burning altar of Makhleb.
  1485 | D:2      | Found a broken altar of Ashenzari.
  1487 | D:2      | Found a stormy altar of Qazlal.
  1497 | D:2      | Found a bloodstained altar of Trog.
  1504 | D:2      | Became a worshipper of Ashenzari the Shackled
  1504 | D:2      | Reached * piety under Ashenzari
  1504 | D:2      | Reached ** piety under Ashenzari
  1723 | D:3      | Found a faded altar of an unknown god.
  2137 | D:4      | Reached XP level 5. HP: 36/45 MP: 5/5
  2142 | D:4      | Reached skill level 6 in Unarmed Combat
  2517 | D:4      | Reached XP level 6. HP: 40/51 MP: 6/6
  2603 | D:4      | Noticed Natasha
  2615 | D:4      | Killed Natasha
  2616 | D:4      | Reached skill level 7 in Unarmed Combat
  2954 | D:4      | Noticed Natasha
  2972 | D:4      | Killed Natasha
  3163 | D:4      | Found a hide-covered altar of Uskayaw.
  3163 | D:4      | Noticed Natasha
  3175 | D:4      | Killed Natasha
  3345 | D:4      | Your scales start taking on a pale cyan-grey colour.
  3345 | D:4      | Reached XP level 7. HP: 56/59 MP: 7/7
  3380 | D:4      | Noticed Sigmund
  3386 | D:4      | Killed Sigmund
  3540 | D:5      | Entered Level 5 of the Dungeon
  3779 | D:5      | Found a sacrificial altar of Ru.
  3888 | D:5      | Reached skill level 5 in Fighting
  4034 | D:5      | Reached skill level 8 in Unarmed Combat
  4267 | D:5      | Found a snail-covered altar of Cheibriados.
  4390 | D:6      | Reached XP level 8. HP: 68/68 MP: 8/8
  4475 | D:6      | Reached *** piety under Ashenzari
  4616 | D:6      | HP: 1/64 [wight/+4 scimitar of freezing (5)]
  4619 | D:5      | Slain by a wight

Illustrated notes

Levels and vault maps discovered:
D:1:      matt_arrival_los_fun, layout_loops_ring, serial_rivers,
          chequers_serial_rivers_micro_e, chequers_serial_rivers_room_b,
          chequers_serial_rivers_micro_d, chequers_serial_rivers_small_3,
          chequers_serial_rivers_micro_e, chequers_serial_rivers_small_b,
          minmay_misc_feat_hallway
D:2:      layout_basic, minitemple, uniq_jessica
D:3:      layout_rooms, chequers_ecumenical_altar_simple
D:4:      layout_gridville, old_standard_altar, uniq_sigmund, uniq_natasha
D:5:      layout_basic, nicolae_ru_awakened_eye, cheibrodos_worm_habitat
D:6:      layout_gridville, uniq_blork_the_orc

Skill      XL: |  1  2  3  4  5  6  7 |
---------------+----------------------+-----
Unarmed Combat | 4 5 6 7 8 |  8.2
Dodging        | 3 4 |  4.6
Fighting       | 4 5 |  5.5
Stealth        | |  1.7

Action                   |  1- 3 |  4- 6 |  7- 9 || total
-------------------------+-------+-------+-------++-------
Melee: Unarmed           |   102 |   221 |   110 ||   433
       Tailslap          |     8 |    22 |     6 ||    36
       Punch             |     1 |     5 |     4 ||    10
 Abil: Breathe Steam     |       |       |     1 ||     1
  Use: Scroll            |       |     4 |       ||     4
       Potion            |       |       |     2 ||     2
 Stab: Sleeping          |     3 |     1 |       ||     4
Armor: Skin              |    35 |    87 |    25 ||   147
Dodge: Dodged            |    92 |   151 |    79 ||   322

Table legend: (Time is in decaauts)
 A = Elapsed time spent in this place.
 B = Non-inter-level travel time spent in this place.
 C = Inter-level travel time spent in this place.
 D = Time resting spent in this place.
 E = Time spent auto-exploring this place.
 F = Levels seen in this place.
 G = Mean time per level.
                   A        B        C        D        E       F      G
               +--------+--------+--------+--------+--------+-----+--------+
         Total |   4617 |   4443 |    174 |    468 |   3073 |   6 |  769.5 |
       Dungeon |   4617 |   4443 |    174 |    468 |   3073 |   6 |  769.5 |
               +--------+--------+--------+--------+--------+-----+--------+

Top non-repeatable levels by time:
     D:4: 1093 daAuts
     D:3: 901 daAuts
     D:1: 864 daAuts
     D:5: 837 daAuts
     D:2: 682 daAuts
     D:6: 237 daAuts
